 Dungeon Crawl Stone Soup version 0.27.1-1-g398f81649c (webtiles) character file.

Game seed: 5456743306660904258

8058 bnorton916 the Jinx (level 11, -17/51 (54) HPs)
             Began as a Deep Elf Conjurer on Sept 5, 2021.
             Was a Believer of Sif Muna.
             Killed by an exploding fulminant prism (25 damage)
             ... on level 1 of the Lair of Beasts.
             The game lasted 00:17:34 (13515 turns).

bnorton916 the Jinx (Deep Elf Conjurer)            Turns: 13515, Time: 00:17:35

HP:   -17/51 (54)   AC:  8    Str:  5    XL:     11   Next: 4%
MP:   9/22          EV: 15    Int: 26    God:    Sif Muna [**....]
Gold: 52            SH:  0    Dex: 13    Spells: 11/22 levels left

rFire    + . .     SeeInvis +   t - +1 short sword (venom)
rCold    + . .     Faith    .   (no shield)
rNeg     . . .     Spirit   .   G - +1 robe {rC+ rF+}
rPois    .         Reflect  .   (no helmet)
rElec    .         Harm     .   (no cloak)
rCorr    .         Rampage  .   (no gloves)
Will     +....                  f - +0 pair of boots
Stlth    ++........             h - amulet of the acrobat
HPRegen  0.17/turn              l - +4 ring of protection
MPRegen  0.18/turn              u - ring of see invisible

@: drained
A: no striking features
a: Renounce Religion, Channel Magic


You were on level 1 of the Lair of Beasts.
You worshipped Sif Muna.
Sif Muna was pleased with you.
You visited 3 branches of the dungeon, and saw 11 of its levels.

You collected 375 gold pieces.
You spent 323 gold pieces at shops.

Inventory:

Hand Weapons
 i - a +0 dagger of draining
 o - a +2 vampiric short sword
 t - a +1 short sword of venom (weapon)
Missiles
 p - 289 stones
Armour
 f - a +0 pair of boots (worn)
 s - a +2 robe of willpower
 G - a +1 robe of resistance (worn)
Magical Staves
 C - a staff of poison
Jewellery
 h - an amulet of the acrobat (around neck)
 l - a +4 ring of protection (left hand)
 u - a ring of see invisible (right hand)
Wands
 a - a wand of iceblast (8)
 e - a wand of mindburst (13)
 y - a wand of digging (4)
 F - a wand of flame (18)
Scrolls
 c - 3 scrolls of teleportation
 d - 3 scrolls of noise
 v - 2 scrolls of amnesia
 w - a scroll of fear
 A - a scroll of torment
 B - a scroll of immolation
Potions
 b - 2 potions of lignification
 g - 3 potions of brilliance
 j - 2 potions of attraction {unknown}
 k - 4 potions of curing
 m - a potion of degeneration {unknown}
 n - 3 potions of magic
 q - 5 potions of flight
 r - 4 potions of haste
 z - 2 potions of heal wounds
 D - a potion of ambrosia
 E - a potion of resistance {unknown}


   Skills:
 - Level 5.3 Armour
 - Level 8.3 Dodging
 - Level 2.4 Stealth
 - Level 6.3 Spellcasting
 - Level 6.4 Conjurations
 - Level 9.7 Hexes
 - Level 8.1 Translocations
 + Level 8.2 Invocations


You had 11 spell levels left.
You knew the following spells:

 Your Spells              Type           Power      Damage    Failure   Level
a - Magic Dart            Conj           100%       1d8       1%          1
b - Searing Ray           Conj           82%        3d6       1%          2
c - Fulminant Prism       Conj/Hex       25%        3d14      2%          4
d - Iskenderun's Mystic   Conj/Tloc      46%        2d10      3%          4

Your spell library contained the following spells:

 Spells                   Type           Power      Damage    Failure   Level
 Foxfire                  Conj/Fire      96%        2x1d8     1%          1
 Dazzling Flash           Conj/Hex       100%       N/A       1%          3
 Sublimation of Blood     Necr           4%         N/A       10%         2
 Wereblood                Tmut           8%         N/A       10%         2
 Metabolic Englaciation   Hex/Ice        16%        N/A       26%         5
 Petrify                  Tmut/Erth      8%         N/A       54%         4
 Statue Form              Tmut/Erth      5%         N/A       100%        6
 Summon Hydra             Summ           4%         N/A       100%        7
 Borgnjor's Revivificati  Necr           4%         N/A       100%        8
 Necromutation            Tmut/Necr      4%         N/A       100%        8
 Death's Door             Necr           4%         N/A       100%        9


Dungeon Overview and Level Annotations

Branches:
Dungeon (9/15)             Temple (1/1) D:5            Lair (1/6) D:8
    Orc: D:9-12

Altars:
Ashenzari
Cheibriados
Dithmenos
Elyvilon
Fedhas
Gozag
Hepliaklqana
Kikubaaqudgha
Makhleb
Nemelex Xobeh
Okawaru
Qazlal
Ru
Sif Muna
Trog
Uskayaw
Wu Jian
Xom
Yredelemnul
Zin
The Shining One

Shops:
D:4 *   D:6 (   D:8 !

Annotations:
D:3 1 runed translucent door, zdrol's ghost, amateur MiFi
Lair:1 Nergalle


Message History

You erupt in a blast of force!
The mystic blast hits the polar bear!
The polar bear is moderately wounded.
The polar bear is knocked back by the mystic blast.
The mystic blast hits the spectral orc warrior!
The spectral orc warrior is severely damaged.
The spectral orc warrior is knocked back by the mystic blast.
The mystic blast hits the spectral orc warrior!
The spectral orc warrior is moderately damaged.
The spectral orc warrior is knocked back by the mystic blast.
The mystic blast hits the spectral orc knight.
The spectral orc knight is lightly damaged.
The spectral orc knight is knocked back by the mystic blast.
The mystic blast hits the spectral orc warrior but does no damage.
Nergalle casts a spell at the spectral orc knight.
The spectral orc knight seems to speed up.
Your fulminant prism crackles loudly.
The spectral orc warrior hits you with a +0 mace.
* * * LOW HITPOINT WARNING * * *
Unknown command.
Unknown command.
Casting: Iskenderun's Mystic Blast (dangerous; 3% risk of failure)
Confirm with . or Enter, or press ? or * to list all spells.
You erupt in a blast of force!
The mystic blast hits the spectral orc warrior.
The spectral orc warrior is heavily damaged.
The spectral orc warrior is knocked back by the mystic blast.
The mystic blast hits the spectral orc warrior but does no damage.
You hear an angry growl.
The spectral orc knight misses you.
Your fulminant prism explodes!
The blast of energy engulfs the spectral orc warrior!!
You destroy the spectral orc warrior!
The blast of energy engulfs the polar bear!
The polar bear is moderately wounded.
The blast of energy engulfs the polar bear!
The polar bear is moderately wounded.
The blast of energy engulfs the polar bear!
The polar bear is almost dead.
The blast of energy engulfs you!!
You die...

###.##.........# # #.....[..#
##......## ##....## #..#.## ## .
######.##..# ##.## ..
#......##.## #... ..
####.#######.######.###.#. ##
..##.#######.##.@.ZZ...... .. .
..............#Z#.hh.######.# ..
####.##P#####..##..h.###..#.#P..!
..# # #..#.#h.............. ##.#
#..#....oh.....# .... #.#
#..##..###.h..## ... #.# #...#..#
###..###.# #.# ..#.##h. #......#
#.# ..#..#.P. ##..)..?#


You could see Nergalle, 4 polar bears, 2 spectral orc warriors, a spectral orc
knight (summoned, fast) and 2 black bears.

Vanquished Creatures
  Gastronok (D:8)
  Erica (D:8)
  A two-headed ogre (D:8)
  Pikel (D:8)
  Prince Ribbit (D:8)
  10 yaks
  2 wargs (D:8)
  An acid dragon (D:6)
  3 water moccasins
  3 black bears
  A necrophage (D:7)
  4 orc warriors
  An ogre (D:5)
  4 lemures (D:8)
  A phantom (D:6)
  2 bullfrogs (D:8)
  A gnoll sergeant (D:7)
  2 scorpions (D:5)
  A water moccasin skeleton (D:5)
  3 wights (D:3)
  4 howler monkeys
  2 bullfrog zombies
  A hound (D:6)
  A centaur zombie (D:8)
  3 jellies
  3 orc priests
  A bullfrog skeleton (D:4)
  Jessica (D:3)
  An iguana (D:5)
  6 orc wizards
  Terence (D:2)
  A killer bee zombie (D:6)
  A hound skeleton (D:5)
  A howler monkey zombie (D:6)
  5 gnolls (D:7)
  8 adders
  A howler monkey skeleton (D:5)
  A shadow imp (D:6)
  3 white imps (D:7)
  2 ufetubi
  An adder zombie (D:4)
  2 worms (D:2)
  2 dart slugs (D:2)
  22 orcs
  2 ball pythons
  4 endoplasms
  3 giant cockroaches
  5 goblins
  5 hobgoblins
  4 jackals (D:2)
  3 quokkas
  2 bats
  2 frilled lizards (D:2)
  10 kobolds
  2 rats (D:2)
160 creatures vanquished.

Vanquished Creatures (others)
  18 fulminant prisms
  5 fungi
  34 plants
57 creatures vanquished.

Grand Total: 217 creatures vanquished

Notes
Turn   | Place    | Note
-------+----------+-------------------------------------------
     0 | D:1      | bnorton916 the Deep Elf Conjurer began the quest for the
                  | Orb.
     0 | D:1      | Reached XP level 1. HP: 10/10 MP: 6/6
   517 | D:1      | Reached XP level 2. HP: 15/15 MP: 5/8
   997 | D:2      | Learned a level 2 spell: Searing Ray
  1250 | D:2      | Noticed Terence
  1259 | D:2      | Reached skill level 5 in Conjurations
  1259 | D:2      | Reached XP level 3. HP: 19/19 MP: 7/10
  1262 | D:2      | Killed Terence
  1719 | D:2      | Reached XP level 4. HP: 22/24 MP: 10/12
  2461 | D:3      | Learned a level 4 spell: Fulminant Prism
  2466 | D:3      | Learned a level 4 spell: Iskenderun's Mystic Blast
  2520 | D:3      | Found a runed translucent door.
  2523 | D:3      | Noticed zdrol's ghost (amateur MiFi)
  2534 | D:3      | Reached skill level 5 in Spellcasting
  2536 | D:3      | Reached XP level 5. HP: 28/28 MP: 1/15
  3125 | D:3      | Found a faded altar of an unknown god.
  3136 | D:3      | Got Plato's Tome of Flames
  3177 | D:3      | Noticed Jessica
  3180 | D:3      | Killed Jessica
  3644 | D:4      | Reached XP level 6. HP: 32/32 MP: 14/17
  3810 | D:4      | Found Fixtieny's General Store.
  3817 | D:4      | Bought a scroll of noise for 11 gold pieces
  3954 | D:4      | Reached skill level 2 in Hexes
  3954 | D:4      | Reached skill level 1 in Translocations
  4229 | D:5      | Entered Level 5 of the Dungeon
  4276 | D:5      | Reached skill level 3 in Hexes
  4489 | D:5      | Reached XP level 7. HP: 36/36 MP: 10/18
  4577 | D:5      | Found a staircase to the Ecumenical Temple.
  4604 | Temple   | Entered the Ecumenical Temple
  4818 | Temple   | Became a worshipper of Sif Muna the Loreminder
  5123 | D:5      | Reached skill level 4 in Hexes
  5372 | D:5      | Reached skill level 5 in Hexes
  6416 | D:6      | Found Zaazat's Antique Weapon Shop.
  6431 | D:6      | Reached skill level 6 in Hexes
  6431 | D:6      | Reached skill level 5 in Translocations
  6431 | D:6      | Reached XP level 8. HP: 3/41 MP: 2/19
  7031 | D:6      | Reached skill level 7 in Hexes
  7426 | D:6      | Reached * piety under Sif Muna
  7906 | D:7      | Reached skill level 1 in Invocations
  7914 | D:6      | Reached skill level 1 in Armour
  8029 | D:7      | Reached skill level 8 in Hexes
  8244 | D:7      | Reached XP level 9. HP: 41/45 MP: 7/20
  9389 | D:8      | Noticed Prince Ribbit
  9397 | D:8      | Noticed Pikel
  9411 | D:8      | Killed Prince Ribbit
  9417 | D:8      | Killed Pikel
  9418 | D:8      | Reached skill level 5 in Dodging
  9418 | D:8      | Reached skill level 9 in Hexes
  9548 | D:8      | Noticed Erica
  9558 | D:8      | Killed Erica
  9559 | D:8      | Reached XP level 10. HP: 18/50 MP: 0/21
  9621 | D:8      | Noticed a two-headed ogre
  9860 | D:8      | Killed a two-headed ogre
  9861 | D:8      | Reached skill level 5 in Invocations
  9863 | D:8      | Reached ** piety under Sif Muna
 10333 | D:8      | Found a staircase to the Lair.
 10533 | D:8      | Noticed Gastronok
 10557 | D:8      | Killed Gastronok
 10558 | D:8      | Reached skill level 5 in Armour
 11125 | D:8      | Found Lunwaido's Distillery.
 11134 | D:8      | Bought a potion of heal wounds for 60 gold pieces
 11134 | D:8      | Bought a potion of haste for 120 gold pieces
 11134 | D:8      | Bought a potion of flight for 36 gold pieces
 11134 | D:8      | Bought 2 potions of brilliance for 96 gold pieces
 11675 | D:9      | Noticed a two-headed ogre
 11742 | Lair:1   | Entered Level 1 of the Lair of Beasts
 12256 | D:8      | Reached XP level 11. HP: 30/54 MP: 9/22
 13491 | Lair:1   | Noticed Nergalle
 13515 | Lair:1   | Killed by an exploding fulminant prism

Illustrated notes

Levels and vault maps discovered:
D:1:      amcnicky_arrival_wind_blow, layout_rooms, kennysheep_small_spiral,
          minmay_misc_feat_rugged
D:2:      layout_loops_ring, corexii_corridor_pit, uniq_terence
D:3:      layout_basic, hellmonk_ghost_happy_afterlife,
          shapermc_ecumenical_altar_rom_forum, uniq_jessica
D:4:      layout_rooms, serial_shops, nicolae_shop_crystal
D:5:      layout_rooms, minmay_temple_entry_arrows, glass_columns_b,
          grunt_ministairs_10
D:6:      layout_loops_ring, serial_shops, nicolae_shop_overgrown_old_shop,
          minmay_crystal_water
D:7:      layout_cave_pools
D:8:      layout_basic, erik_lair_orcish_takeover, serial_shops,
          nicolae_lakefront_shop, feat_on_display, uniq_erica, uniq_pikel,
          uniq_gastronok, uniq_prince_ribbit1
D:9:      layout_irregular_city, vehumet_statue, minivault_14,
          grunt_ministairs_12, minmay_strange_pillars
Temple:   kilobyte_greek_temple
Lair:1:   beast_lair_carwin_large_4, layout_loops_ring, serial_bayou_pond_a,
          cheibrodos_lair_lostbears, uniq_nergalle, uniq_joseph

Skill      XL: |  1  2  3  4  5  6  7  8  9 10 11 |
---------------+----------------------------------+-----
Spellcasting   | 4 5 6 |  6.3
Conjurations   | 5 6 |  6.4
Hexes          | 3 6 8 9 |  9.7
Translocations | 3 5 6 8 |  8.1
Invocations    | 2 4 7 8 |  8.2
Armour         | 1 3 5 |  5.3
Dodging        | 3 6 8 |  8.3
Stealth        | |  2.4

Action                   |  1- 3 |  4- 6 |  7- 9 | 10-12 || total
-------------------------+-------+-------+-------+-------++-------
Melee: Short sword       |       |       |    19 |    15 ||    34
 Cast: Magic Dart        |    47 |    79 |    85 |    25 ||   236
       Searing Ray       |     3 |     9 |    35 |    17 ||    64
       Iskenderun's Myst |       |       |     7 |     8 ||    15
       Fulminant Prism   |       |       |     9 |     9 ||    18
Evoke: Wand              |       |       |       |     7 ||     7
  Use: Scroll            |       |       |       |    11 ||    11
Armor: Robe              |       |     7 |    24 |     5 ||    36
Dodge: Dodged            |     1 |     8 |    73 |    54 ||   136
